 Dungeon Crawl Stone Soup version 0.29.1-15-g9cfb28693d (webtiles) character file.

Game seed: 269413913617046548

42 protoss039 the Digger (level 3, -9/26 HPs)
             Began as a Demonspawn Earth Elementalist on Mar 21, 2023.
             Killed by divine providence
             ... invoked by an orc priest
              (12 damage)
             ... on level 2 of the Dungeon.
             The game lasted 00:01:08 (1899 turns).

protoss039 the Digger (DsEE)                        Turns: 1899, Time: 00:01:08

Health: -9/26      AC:  6    Str:  8    XL:     3   Next: 35%
Magic:  2/6        EV: 10    Int: 18    God:
Gold:   36         SH:  0    Dex: 13    Spells: 6/7 levels left

rFire   . . .      SeeInvis .   c - +0 whip (vamp)
rCold   . . .      Faith    .   (no shield)
rNeg    . . .      Spirit   .   i - +0 ring mail
rPois   .          Reflect  .   (no helmet)
rElec   .          Harm     .   h - +0 cloak
rCorr   .          Rampage  .   (no gloves)
Will    .....                   (no boots)
Stlth   +.........              (no amulet)
HPRegen 0.08/turn               (no ring)
MPRegen 0.20/turn               (no ring)

@: very slightly contaminated
A: magic regeneration
a: no special abilities


You were on level 2 of the Dungeon.
You visited 1 branch of the dungeon, and saw 2 of its levels.

You collected 36 gold pieces.

Inventory:

Hand Weapons
 c - a +0 vampiric whip (weapon)
Armour
 h - a +0 cloak (worn)
 i - a +0 ring mail (worn)
Jewellery
 f - a ring of protection from cold
Scrolls
 d - a scroll of vulnerability {unknown}
Potions
 b - a potion of magic
 e - 2 potions of might {unknown}
 g - 2 potions of mutation {unknown}


   Skills:
 + Level 1.5 Fighting
 - Level 1.7 Dodging
 - Level 1.7 Stealth
 + Level 2.6 Spellcasting
 - Level 0.8 Transmutations
 + Level 3.2 Earth Magic


You had 6 spell levels left.
You knew the following spells:

 Your Spells              Type           Power      Damage    Failure   Level
a - Sandblast             Erth           26%        2d8       14%         1

Your spell library contained the following spells:

 Spells                   Type           Power      Damage    Failure   Level
 Passwall                 Tmut/Erth      7%         N/A       34%         2
 Stone Arrow              Conj/Erth      16%        3d8       63%         3
 Petrify                  Tmut/Erth      9%         N/A       92%         4


Dungeon Overview and Level Annotations

Branches:
Dungeon (2/15) Zot: 10082

Altars:

Shops:
D:1 [


Innate Abilities, Weirdness & Mutations

You regenerate magic rapidly.


Message History

The orc priest is moderately wounded.
Unknown command.
Casting: Sandblast (safe; 14% risk of failure)
Confirm with . or Enter, or press ? or * to list all spells.
Aiming: Sandblast (safe; 14% risk of failure)
Press: ? - help, Shift-Dir - straight line, f/p - orc priest
Aim: an orc priest, wielding a +0 flail and wearing a +0 leather armour (moderately wounded, 82% to hit)
The blast of sand hits the orc priest.
The orc priest is severely wounded.
Unknown command.
Casting: Sandblast (safe; 14% risk of failure)
Confirm with . or Enter, or press ? or * to list all spells.
Aiming: Sandblast (safe; 14% risk of failure)
Press: ? - help, Shift-Dir - straight line, f/p - orc priest
Aim: an orc priest, wielding a +0 flail and wearing a +0 leather armour (severely wounded, 82% to hit)
The blast of sand hits the orc priest but does no damage.
The orc priest is severely wounded.
The orc priest hits you with a +0 flail!
* * * LOW HITPOINT WARNING * * *
Casting: Sandblast (safe; 14% risk of failure)
Confirm with . or Enter, or press ? or * to list all spells.
Aiming: Sandblast (safe; 14% risk of failure)
Press: ? - help, Shift-Dir - straight line, f/p - orc priest
Aim: an orc priest, wielding a +0 flail and wearing a +0 leather armour (severely wounded, 82% to hit)
You miscast Sandblast.
You are very lightly contaminated with residual magic.
Nothing appears to happen.
The orc barely misses you.
The orc priest hits you but does no damage.
Casting: Sandblast (safe; 14% risk of failure)
Confirm with . or Enter, or press ? or * to list all spells.
Aiming: Sandblast (safe; 14% risk of failure)
Press: ? - help, Shift-Dir - straight line, f/p - orc priest
Aim: an orc priest, wielding a +0 flail and wearing a +0 leather armour (severely wounded, 82% to hit)
The blast of sand hits the orc priest.
The orc priest is almost dead.
The orc hits you with a +0 dagger.
* * * LOW HITPOINT WARNING * * *
The orc priest mumbles some strange prayers to Beogh against you.
Beogh smites you!
You die...

#.....# #.....########
#.....'......#
#.....######.#
#.....<....#.#
#......#.#.#.# #.#
#........#.#.######..#
#).....#.#.#.#.......
#......#.#.#.@...#.#
#........#.#.oo....#
#..........#......##
#....).....#..÷..#####
##....÷>..........#
######.#.#o#####..#
#÷#.#.# #.#.#.#
#.#.#.#


You could see 2 orc priests and an orc.

Vanquished Creatures
  2 adders (D:2)
  A dart slug (D:1)
  3 endoplasms (D:1)
  2 goblins
  A hobgoblin (D:1)
  4 ball pythons
  3 bats (D:1)
  2 frilled lizards
  2 kobolds (D:1)
  3 rats (D:1)
23 creatures vanquished.

Notes
Turn   | Place    | Note
-------+----------+-------------------------------------------
     0 | D:1      | protoss039 the Demonspawn Earth Elementalist began the
                  | quest for the Orb.
     0 | D:1      | Reached XP level 1. HP: 13/13 MP: 3/3
    25 | D:1      | Found Ijep's Antique Armour Shoppe.
   502 | D:1      | Gained mutation: You regenerate magic rapidly. [demonic
                  | ancestry]
   502 | D:1      | Reached XP level 2. HP: 9/20 MP: 0/5
   504 | D:1      | HP: 1/20 [constriction (1)]
   961 | D:1      | Reached skill level 1 in Fighting
  1050 | D:1      | Reached skill level 3 in Earth Magic
  1447 | D:1      | Found a faded altar of an unknown god.
  1544 | D:1      | You fall into a shaft and drop 1 floor!
  1582 | D:2      | Reached XP level 3. HP: 26/26 MP: 2/6
  1899 | D:2      | Killed from afar by an orc priest

Illustrated notes

Levels and vault maps discovered:
D:1:      dpeg_arrival_short_road, layout_basic, basic_ecumenical_altar,
          serial_shops, shop, roderic_lattice_a
D:2:      cheibrodos_pilgrimage, layout_basic

Skill      XL: |  1  2 |
---------------+-------+-----
Fighting       | 1 |  1.5
Earth Magic    | 3 |  3.2
Dodging        | |  1.7
Stealth        | |  1.7
Spellcasting   | |  2.6
Transmutations | |  0.8

Action                   || total
-------------------------++-------
Melee: Whip              ||    58
 Cast: Sandblast         ||    25
 Stab: Sleeping          ||     2
Armor: Robe              ||    14
       Ring mail         ||    19
Dodge: Dodged            ||    53
